 Dungeon Crawl Stone Soup version 0.26-a0-737-g4e9f4955e2 (webtiles) character file.

Game seed: 18283888067921711791

16804 robertstho the Thaumaturge (level 12, -14/90 (91) HPs)
             Began as a Gnoll Fire Elementalist on Nov 4, 2020.
             Was an Initiate of Gozag.
             Hit by a large rock thrown by a cyclops (38 damage)
             ... on level 12 of the Dungeon.
             The game lasted 00:38:12 (17192 turns).

robertstho the Thaumaturge (GnFE)                  Turns: 17192, Time: 00:38:15

HP:   -14/90 (91)   AC:  5    Str: 10    XL:     12   Next: 41%
MP:   20/24         EV: 18    Int: 23    God:    Gozag
Gold: 505           SH:  0    Dex: 16    Spells: 15/28 levels left

rFire    . . .     SeeInvis +   p - +2 dagger (venom)
rCold    . . .     Faith    .   (no shield)
rNeg     . . .     Spirit   .   K - +2 robe {MR+}
rPois    .         Reflect  .   h - +0 helmet
rElec    +         Harm     .   k - +0 cloak
rCorr    .         Rampage  .   I - +0 pair of gloves (curse)
MR       +....                  t - +0 pair of boots
Stlth    +++++.....             A - amulet of magic regeneration
HPRegen  0.25/turn              a - ring "Hobifint" {rElec SInv Stlth+}
MPRegen  0.44/turn              H - ring of wizardry

@: marked, corroded
A: distributed training, fangs 1, strong nose
a: Potion Petition, Call Merchant, Bribe Branch, Renounce Religion


You were on level 12 of the Dungeon.
You worshipped Gozag.
Gozag was pleased with you.
You visited 2 branches of the dungeon, and saw 13 of its levels.
You also visited: Sewer.

You collected 2881 gold pieces.
You spent 1521 gold pieces at shops.
You paid 855 gold pieces to Gozag.

Inventory:

Hand Weapons
 d - a +0 hand axe
 j - a +2 short sword of protection
 p - a +2 dagger of venom (weapon)
 M - the +4 battleaxe of Qazlal's Displeasure {vorpal, Int+4}
   (You found it on level 10 of the Dungeon)

   It inflicts extra damage upon your enemies.
   It affects your intelligence (+4).
 O - the +7 lajatang "Daudox" {vorpal, rPois}
   (You found it on level 10 of the Dungeon)

   It inflicts extra damage upon your enemies.
   It protects you from poison.
Missiles
 r - 7 curare-tipped darts (quivered)
 B - 4 throwing nets
 Q - 31 poisoned darts
Armour
 h - a +0 helmet (worn)
 k - a +0 cloak (worn)
 t - a +0 pair of boots (worn)
 I - a cursed +0 pair of gloves (worn)
 K - a +2 robe of magic resistance (worn)
Jewellery
 a - the ring "Hobifint" (left hand) {rElec SInv Stlth+}
   (You bought it in a shop on level 10 of the Dungeon)

   [ring of stealth]

   It insulates you from electricity.
   It lets you see invisible.
   It makes you more stealthy.
 v - an uncursed ring of resist corrosion
 A - an amulet of magic regeneration (around neck)
 H - a ring of wizardry (right hand)
Wands
 q - a wand of iceblast (8)
 x - a wand of enslavement (11)
 y - a wand of flame (47)
 L - a wand of digging (6)
Scrolls
 b - 7 scrolls of fear
 i - 2 scrolls of fog {unknown}
 l - 9 scrolls of teleportation
 n - 6 scrolls of remove curse
 s - 3 scrolls of amnesia
 z - 2 scrolls of enchant armour
 D - a scroll of holy word
 E - a scroll of vulnerability
 F - a scroll of enchant weapon
 P - a scroll of noise {unknown}
Potions
 c - 2 potions of curing
 f - 2 potions of might
 g - 5 potions of flight
 m - 2 potions of lignification
 o - 2 potions of berserk rage
 u - 2 potions of brilliance
 w - a potion of mutation
 J - 2 potions of ambrosia
 N - 2 potions of stabbing


   Skills:
 + Level 7.2 Fighting
 + Level 7.2 Short Blades
 + Level 7.2 Long Blades
 + Level 7.2 Axes
 + Level 7.2 Maces & Flails
 + Level 7.2 Polearms
 + Level 7.2 Staves
 + Level 7.2 Slings
 + Level 7.2 Bows
 + Level 7.2 Crossbows
 + Level 7.2 Throwing
 + Level 7.2 Armour
 + Level 8.7 Dodging
 + Level 8.5 Stealth
 + Level 7.2 Shields
 + Level 7.2 Unarmed Combat
 + Level 8.9 Spellcasting
 + Level 6.4 Conjurations
 + Level 6.0 Hexes
 + Level 6.0 Summonings
 + Level 6.0 Necromancy
 + Level 6.0 Translocations
 + Level 6.0 Transmutations
 + Level 8.2 Fire Magic
 + Level 6.0 Ice Magic
 + Level 6.0 Air Magic
 + Level 6.0 Earth Magic
 + Level 6.0 Poison Magic
 + Level 8.0 Invocations
 + Level 7.2 Evocations


You had 15 spell levels left.
You knew the following spells:

 Your Spells              Type           Power        Failure   Level
a - Foxfire               Conj/Fire      ####         1%          1
b - Conjure Flame         Conj/Fire      #####...     1%          3
c - Sticky Flame          Conj/Fire      #####...     1%          4
d - Fireball              Conj/Fire      #####.....   3%          5

Your spell library contained the following spells:

 Spells                   Type           Power        Failure   Level
 Animate Skeleton         Necr           #####.       1%          1
 Apportation              Tloc           #####.       1%          1
 Beastly Appendage        Tmut           #####.       1%          1
 Corona                   Hex            #####..      1%          1
 Sandblast                Erth           #####.       1%          1
 Summon Small Mammal      Summ           ####         1%          1
 Passwall                 Tmut/Erth      #####...     1%          2
 Wereblood                Tmut           #####...     1%          2
 Inner Flame              Hex/Fire       #####...     1%          3
 Spider Form              Tmut/Pois      #####.....   1%          3
 Stone Arrow              Conj/Erth      #####.       1%          3
 Ice Form                 Ice/Tmut       #####...     2%          4
 Petrify                  Tmut/Erth      #####...     2%          4
 Blade Hands              Tmut           #####.....   6%          5
 Lee's Rapid Deconstruct  Erth           #####.....   6%          5


Dungeon Overview and Level Annotations

Branches:
Dungeon (12/15)            Temple (1/1) D:6            Lair (0/6) D:9
    Orc (0/2) D:11          Sewer (visited)

Altars:
Ashenzari
Cheibriados
Dithmenos
Elyvilon
Fedhas
Gozag
Hepliaklqana
Kikubaaqudgha
Makhleb
Nemelex Xobeh
Okawaru
Qazlal
Ru
Sif Muna
Trog
Uskayaw
Vehumet
Wu Jian
Xom
Yredelemnul
Zin
The Shining One

Shops:
D:6 *   D:7 [:*=   D:10 =

Annotations:
D:11 1 runed translucent door, tinescath's ghost, journeyman TeAE


Innate Abilities, Weirdness & Mutations

Your experience applies equally to all skills.
You have very sharp teeth.
Your uncanny sense of smell can sniff out nearby items.


Message History

The large rock completely misses you.
Casting: Sticky Flame (mildly dangerous; 1% risk of failure)
Confirm with . or Enter, or press ? or * to list all spells.
Aiming: Sticky Flame (mildly dangerous; 1% risk of failure)
Press: ? - help, Shift-Dir - straight line, f - centaur
Aim: a centaur, wielding a +0 dagger and quivering 11 arrows The sticky flame hits the centaur.
The centaur is lightly wounded.
The centaur is covered in liquid flames!
The centaur burns!
The centaur barely misses you. The centaur completely misses you.
The centaur burns!
The centaur unwields a +0 dagger.
The centaur wields a +0 shortbow.
The centaur shoots an arrow.
The arrow barely misses you. The acid dragon spits acid at you.
The splash of acid hits you! The acid corrodes you!
You are splashed with acid!
* * * LOW HITPOINT WARNING * * *
The cyclops throws a large rock.
The large rock hits you!!!
You die...
Your body crumbles into a pile of gold.

.......).##.#.## ##.#..###
........###...# #......#
.....#...##..C# ##.....#
......#..#..#.#####
##....##
.####.............# #.....#
###...#.......###########.#
#........[.........### #.#
#...............##...# #.#
#...#..#....c.@##...##.#
#.#
.....###.)(.....(..##.##.#
#.# .....
###.)D....#(##.##.####.#
....
#((.....#..(......##.##
....
####<(..(..####......##..#
... #...().(..##
#......###.# $ ∆#$(......##
#......###.# $
...?(.(...>## #.......##.#
...##.(.(.(.# #.......##.##


You could see a cyclops, an acid dragon (catching breath) and a centaur
(burning).

Vanquished Creatures
  2 hydras
  2 two-headed ogres
  An unseen horror (D:10)
  An ugly thing (D:11)
  2 centaur zombies
  A centaur skeleton (D:12)
  A komodo dragon (D:9)
  A troll (D:9)
  2 wyverns
  19 yaks
  A wraith (D:11)
  A basilisk (D:12)
  A steam dragon (D:11)
  2 vampire mosquitoes (D:12)
  Menkaure (D:6)
  An acid dragon (D:11)
  2 water moccasins
  9 orc warriors
  2 ice beasts
  4 sky beasts
  2 necrophages
  4 black bears
  3 ogres
  13 centaurs
  3 big kobolds
  Blork the orc (D:6)
  8 bullfrogs
  A gnoll sergeant (D:8)
  A wyvern skeleton (D:11)
  5 scorpions
  17 killer bees
  A water moccasin skeleton (D:7)
  16 wights
  2 howler monkeys
  8 crimson imps (D:8)
  A quasit (D:10)
  10 hounds
  9 orc priests
  2 bullfrog skeletons
  3 jellies
  3 iguanas
  15 orc wizards
  Terence (D:2)
  11 worker ants
  A hound zombie (D:7)
  9 gnolls
  16 adders
  3 river rats (D:3)
  A shadow imp (D:8)
  2 white imps
  4 oozes
  An adder skeleton (D:5)
  3 worms (D:2)
  A dart slug (D:1)
  5 leopard geckos
  46 orcs
  6 ball pythons
  17 bats
  6 giant cockroaches
  4 goblins
  10 hobgoblins
  20 jackals
  20 kobolds
  8 quokkas
  5 frilled lizards
  2 quokka skeletons (D:4)
  A quokka zombie (D:9)
  7 rats
394 creatures vanquished.

Vanquished Creatures (collateral kills)
  2 foxfires (D:1)
2 creatures vanquished.

Vanquished Creatures (others)
  An orc (D:12)
  A rat (D:3)
  711 foxfires
  17 plants
730 creatures vanquished.

Grand Total: 1126 creatures vanquished

Notes
Turn   | Place    | Note
-------+----------+-------------------------------------------
     0 | D:1      | robertstho the Gnoll Fire Elementalist began the quest for
                  | the Orb.
     0 | D:1      | Reached XP level 1. HP: 13/13 MP: 6/6
   163 | D:1      | Reached XP level 2. HP: 18/19 MP: 3/7
   585 | D:1      | Reached XP level 3. HP: 25/25 MP: 6/9
   657 | D:1      | Reached skill level 5 in Spellcasting
   963 | D:2      | Reached skill level 1 in Invocations
  1048 | D:2      | Reached skill level 1 in Fighting
  1048 | D:2      | Reached skill level 1 in Short Blades
  1048 | D:2      | Reached skill level 1 in Long Blades
  1048 | D:2      | Reached skill level 1 in Axes
  1048 | D:2      | Reached skill level 1 in Maces & Flails
  1048 | D:2      | Reached skill level 1 in Polearms
  1048 | D:2      | Reached skill level 1 in Staves
  1048 | D:2      | Reached skill level 1 in Slings
  1048 | D:2      | Reached skill level 1 in Bows
  1048 | D:2      | Reached skill level 1 in Crossbows
  1048 | D:2      | Reached skill level 1 in Throwing
  1048 | D:2      | Reached skill level 1 in Armour
  1048 | D:2      | Reached skill level 1 in Shields
  1048 | D:2      | Reached skill level 1 in Unarmed Combat
  1048 | D:2      | Reached skill level 1 in Evocations
  1048 | D:2      | Reached XP level 4. HP: 32/32 MP: 6/11
  1214 | D:2      | Found a snail-covered altar of Cheibriados.
  1216 | D:2      | Noticed Terence
  1231 | D:2      | Killed Terence
  1231 | D:2      | Reached skill level 1 in Hexes
  1231 | D:2      | Reached skill level 1 in Summonings
  1231 | D:2      | Reached skill level 1 in Necromancy
  1231 | D:2      | Reached skill level 1 in Translocations
  1231 | D:2      | Reached skill level 1 in Transmutations
  1231 | D:2      | Reached skill level 1 in Ice Magic
  1231 | D:2      | Reached skill level 1 in Air Magic
  1231 | D:2      | Reached skill level 1 in Earth Magic
  1231 | D:2      | Reached skill level 1 in Poison Magic
  1463 | D:2      | Reached XP level 5. HP: 37/37 MP: 6/12
  1889 | D:3      | Learned a level 3 spell: Conjure Flame
  1894 | D:3      | Learned a level 4 spell: Sticky Flame
  1900 | D:3      | Learned a level 5 spell: Fireball
  2102 | D:3      | Found a glowing drain.
  2106 | Sewer    | Entered a sewer
  2668 | D:3      | Reached XP level 6. HP: 38/44 MP: 10/13
  2835 | D:3      | Found a white marble altar of Elyvilon.
  3531 | D:3      | Reached skill level 5 in Dodging
  3784 | D:4      | Found a hide-covered altar of Uskayaw.
  3784 | D:4      | Noticed a +0 dagger
  3784 | D:4      | Noticed a +0 hand axe
  4374 | D:4      | Found a burning altar of Makhleb.
  4375 | D:4      | Found a sacrificial altar of Ru.
  4404 | D:4      | Found a bloodstained altar of Trog.
  4557 | D:5      | Entered Level 5 of the Dungeon
  4570 | D:5      | Found a radiant altar of Vehumet.
  4748 | D:5      | Reached XP level 7. HP: 50/50 MP: 12/15
  4783 | D:5      | Found a basalt altar of Yredelemnul.
  5366 | D:6      | Found Toighubix's General Store.
  5374 | D:6      | Bought a scroll of amnesia for 42 gold pieces
  5374 | D:6      | Bought a potion of berserk rage for 60 gold pieces
  5374 | D:6      | Bought a scroll of identify for 24 gold pieces
  5382 | D:6      | Found a staircase to the Ecumenical Temple.
  5421 | D:6      | Noticed Blork the orc
  5426 | D:6      | Killed Blork the orc
  5447 | Temple   | Entered the Ecumenical Temple
  5514 | Temple   | Became a worshipper of Gozag Ym Sagoz the Greedy
  5838 | D:6      | Noticed Menkaure
  5844 | D:6      | Killed Menkaure
  5844 | D:6      | Reached skill level 5 in Stealth
  5899 | D:6      | Reached XP level 8. HP: 57/57 MP: 10/16
  7080 | D:7      | Reached XP level 9. HP: 62/65 MP: 13/18
  7149 | D:7      | Found Otral's Jewellery Boutique.
  7414 | D:7      | Found Ykanygo's Antique Armour Shop.
  7532 | D:7      | Found Xossos's Assorted Antiques.
  7562 | D:7      | Bought a scroll labeled KUEQOX UCIOKK for 23 gold pieces
  7562 | D:7      | Bought a scroll of amnesia for 80 gold pieces
  7562 | D:7      | Bought a scroll labeled WIATIA ZIUG for 23 gold pieces
  7562 | D:7      | Bought 3 scrolls of identify for 138 gold pieces
  7562 | D:7      | Bought a scroll labeled DUKIFE HARRE for 23 gold pieces
  7562 | D:7      | Bought a scroll labeled BIREPPADIX for 23 gold pieces
  7562 | D:7      | Bought a scroll labeled WIATIA ZIUG for 23 gold pieces
  7613 | D:7      | Found Quiwes's Book Boutique.
  7711 | D:7      | Found an opulent altar of Gozag.
  8545 | D:8      | Reached skill level 5 in Invocations
  9217 | D:8      | Reached XP level 10. HP: 69/73 MP: 20/20
  9586 | D:8      | Found a sparkling altar of Nemelex Xobeh.
  9763 | D:8      | Reached skill level 5 in Fighting
  9763 | D:8      | Reached skill level 5 in Short Blades
  9763 | D:8      | Reached skill level 5 in Long Blades
  9763 | D:8      | Reached skill level 5 in Axes
  9763 | D:8      | Reached skill level 5 in Maces & Flails
  9763 | D:8      | Reached skill level 5 in Polearms
  9763 | D:8      | Reached skill level 5 in Staves
  9763 | D:8      | Reached skill level 5 in Slings
  9763 | D:8      | Reached skill level 5 in Bows
  9763 | D:8      | Reached skill level 5 in Crossbows
  9763 | D:8      | Reached skill level 5 in Throwing
  9763 | D:8      | Reached skill level 5 in Armour
  9763 | D:8      | Reached skill level 5 in Shields
  9763 | D:8      | Reached skill level 5 in Unarmed Combat
  9763 | D:8      | Reached skill level 5 in Evocations
 10059 | D:8      | Noticed a two-headed ogre
 10066 | D:8      | Killed a two-headed ogre
 10198 | D:7      | Bought an uncursed ring of wizardry for 420 gold pieces
 10557 | D:9      | Found a staircase to the Lair.
 10561 | D:9      | Reached skill level 5 in Conjurations
 11276 | D:9      | Reached XP level 11. HP: 80/80 MP: 11/22
 11583 | D:10     | Entered Level 10 of the Dungeon
 11669 | D:10     | Got a fine battleaxe
 11669 | D:10     | Identified the +4 battleaxe of Qazlal's Displeasure
                  | {vorpal, Int+4} (You found it on level 10 of the Dungeon)
 11774 | D:10     | Noticed an unseen horror
 11786 | D:10     | Killed an unseen horror
 11786 | D:10     | Reached skill level 5 in Hexes
 11786 | D:10     | Reached skill level 5 in Summonings
 11786 | D:10     | Reached skill level 5 in Necromancy
 11786 | D:10     | Reached skill level 5 in Translocations
 11786 | D:10     | Reached skill level 5 in Transmutations
 11786 | D:10     | Reached skill level 5 in Ice Magic
 11786 | D:10     | Reached skill level 5 in Air Magic
 11786 | D:10     | Reached skill level 5 in Earth Magic
 11786 | D:10     | Reached skill level 5 in Poison Magic
 13443 | D:10     | Got a smouldering lajatang
 13443 | D:10     | Identified the +7 lajatang "Daudox" {vorpal, rPois} (You
                  | found it on level 10 of the Dungeon)
 13537 | D:11     | Noticed a two-headed ogre
 13542 | D:11     | Killed a two-headed ogre
 14061 | D:11     | Found a runed translucent door.
 14061 | D:11     | Noticed tinescath's ghost (journeyman TeAE)
 14082 | D:11     | You fall into a shaft and drop 1 floor!
 14563 | D:11     | Noticed a white ugly thing
 14581 | D:11     | Killed a white ugly thing
 15181 | D:11     | Noticed a six-headed hydra
 15192 | D:11     | HP: 1/82 [six-headed hydra (13)]
 15203 | D:11     | Killed a six-headed hydra
 15203 | D:11     | Reached XP level 12. HP: 4/88 MP: 3/24
 15657 | D:11     | Found a staircase to the Orcish Mines.
 16026 | D:10     | Bought the ring "Hobifint" {rElec SInv Stlth+} for 642 gold
                  | pieces
 16073 | D:12     | Noticed an eight-headed hydra
 16078 | D:12     | Killed an eight-headed hydra
 17192 | D:12     | Hit by a large rock thrown by a cyclops

Illustrated notes

Levels and vault maps discovered:
D:1:      roderic_crop_circles_arrival_small, layout_basic, minivault_19
D:2:      layout_basic, cheibriados_altar_1, uniq_terence
D:3:      layout_basic, elyvilon_altar_4, lightli_sewer_entry_pipes
D:4:      layout_cave_pools, dancing_weapons_uskayaw, lemuel_round_altar,
          gammafunk_temple_overflow_statue
D:5:      layout_loops_ring, vehumet_altar_wand_db, yredelemnul_altar_generic
D:6:      layout_loops_corners, minmay_temple_entry_slanted, serial_shops, shop,
          uniq_blork_the_orc, uniq_menkaure
D:7:      layout_loops_corners, serial_shops, nicolae_shop_behind_doors,
          nicolae_shop_trees, kennysheep_little_box, nicolae_shop_stone,
          grunt_ogre_cave, grunt_gozag_breadcrumbs
D:8:      layout_basic, nemelex_altar_shiori, minmay_nine_imps
D:9:      layout_rooms, david_lair_shrubbed
D:10:     layout_small_grid, minmay_diced_spiral
D:11:     layout_loops_ring, david_orc_4, gammafunk_ghost_grave
D:12:     layout_rooms
Temple:   cyrus_circular_temple

Skill      XL: |  1  2  3  4  5  6  7  8  9 10 11 12 |
---------------+-------------------------------------+-----
Conjurations   | 2 3 4 5 6 |  6.4
Spellcasting   | 5 6 7 8 |  8.9
Invocations    | 1 2 3 4 5 6 7 8 |  8.0
Fighting       | 1 2 3 4 5 6 7 |  7.2
Short Blades   | 1 2 3 4 5 6 7 |  7.2
Long Blades    | 1 2 3 4 5 6 7 |  7.2
Axes           | 1 2 3 4 5 6 7 |  7.2
Maces & Flails | 1 2 3 4 5 6 7 |  7.2
Polearms       | 1 2 3 4 5 6 7 |  7.2
Staves         | 1 2 3 4 5 6 7 |  7.2
Slings         | 1 2 3 4 5 6 7 |  7.2
Bows           | 1 2 3 4 5 6 7 |  7.2
Crossbows      | 1 2 3 4 5 6 7 |  7.2
Throwing       | 1 2 3 4 5 6 7 |  7.2
Armour         | 1 2 3 4 5 6 7 |  7.2
Shields        | 1 2 3 4 5 6 7 |  7.2
Unarmed Combat | 1 2 3 4 5 6 7 |  7.2
Evocations     | 1 2 3 4 5 6 7 |  7.2
Hexes          | 1 2 3 4 5 6 |  6.0
Summonings     | 1 2 3 4 5 6 |  6.0
Necromancy     | 1 2 3 4 5 6 |  6.0
Translocations | 1 2 3 4 5 6 |  6.0
Transmutations | 1 2 3 4 5 6 |  6.0
Ice Magic      | 1 2 3 4 5 6 |  6.0
Air Magic      | 1 2 3 4 5 6 |  6.0
Earth Magic    | 1 2 3 4 5 6 |  6.0
Poison Magic   | 1 2 3 4 5 6 |  6.0
Dodging        | 5 6 7 8 |  8.7
Stealth        | 5 6 7 8 |  8.5
Fire Magic     | 6 7 8 |  8.2

Action                   |  1- 3 |  4- 6 |  7- 9 | 10-12 || total
-------------------------+-------+-------+-------+-------++-------
Melee: Unarmed           |     5 |       |       |       ||     5
       Short sword       |       |    20 |       |       ||    20
       Bite              |       |     2 |    19 |    58 ||    79
       Dagger            |       |    13 |   218 |   299 ||   530
       Punch             |       |       |     2 |    10 ||    12
       Battleaxe         |       |       |       |    93 ||    93
       Lajatang          |       |       |       |    75 ||    75
Throw: Dart              |       |       |       |     1 ||     1
 Cast: Foxfire           |    49 |   215 |   117 |    55 ||   436
       Sticky Flame      |       |       |    28 |    73 ||   101
       Conjure Flame     |       |       |     2 |     2 ||     4
       Fireball          |       |       |       |    33 ||    33
Invok: Call Merchant     |       |       |       |     1 ||     1
  Use: Scroll            |       |     5 |    10 |     6 ||    21
       Potion            |       |       |     1 |       ||     1
 Stab: Sleeping          |       |       |     6 |    17 ||    23
       Distracted        |       |       |     1 |     1 ||     2
Armor: Robe              |     3 |    12 |    37 |    92 ||   144
Dodge: Dodged            |    19 |    51 |   210 |   471 ||   751

Table legend: (Time is in decaauts)
 A = Elapsed time spent in this place.
 B = Non-inter-level travel time spent in this place.
 C = Inter-level travel time spent in this place.
 D = Time resting spent in this place.
 E = Time spent auto-exploring this place.
 F = Levels seen in this place.
 G = Mean time per level.
                   A        B        C        D        E       F      G
               +--------+--------+--------+--------+--------+-----+--------+
         Total |  17229 |  16424 |    805 |   2992 |  10510 |  14 | 1230.6 |
       Dungeon |  16572 |  15781 |    791 |   2992 |  10029 |  12 | 1381.0 |
        Temple |     80 |     67 |     13 |      0 |      0 |   1 |   80.0 |
         Sewer |    576 |    576 |      0 |      0 |    480 |   1 |  576.0 |
               +--------+--------+--------+--------+--------+-----+--------+

Top non-repeatable levels by time:
    D:11: 3217 daAuts
     D:8: 2699 daAuts
    D:10: 1976 daAuts
     D:7: 1709 daAuts
     D:3: 1457 daAuts
     D:6: 1069 daAuts
     D:1: 946 daAuts
     D:2: 920 daAuts
     D:4: 772 daAuts
     D:9: 755 daAuts
     D:5: 679 daAuts
   Sewer: 576 daAuts
    D:12: 369 daAuts
  Temple: 80 daAuts
